 Dungeon Crawl Stone Soup version 0.26-a0-651-gb41185065b (webtiles) character file.

Game seed: 7245797133936602817

1424 Apogee the Thaumaturge (level 8, 0/41 HPs)
             Began as a Deep Elf Earth Elementalist on Oct 5, 2020.
             Was a Follower of Sif Muna.
             Slain by an orc warrior
             ... wielding a +3 dire flail
              (10 damage)
             ... on level 6 of the Dungeon.
             The game lasted 00:14:02 (6069 turns).

Apogee the Thaumaturge (DEEE)                       Turns: 6069, Time: 00:14:02

Health: 0/41       AC:  9    Str:  5    XL:     8   Next: 44%
Magic:  5/23       EV: 13    Int: 23    God:    Sif Muna [*.....]
Gold:   267        SH:  0    Dex: 15    Spells: 10/25 levels left

rFire    . . .     SeeInvis .   a - +0 short sword
rCold    . . .     Faith    .   (no shield)
rNeg     . . .     Spirit   .   c - +0 robe
rPois    .         Reflect  .   q - +2 hat
rElec    .         Harm     .   f - +0 cloak
rCorr    .         Rampage  .   H - +2 pair of gloves
MR       .....                  h - +0 pair of boots
Stlth    ++........             (no amulet)
HPRegen  0.13/turn              (no ring)
MPRegen  0.18/turn              (no ring)

@: no status effects
A: no striking features
a: Channel Magic, Renounce Religion


You were on level 6 of the Dungeon.
You worshipped Sif Muna.
Sif Muna was aware of your devotion.
You visited 2 branches of the dungeon, and saw 7 of its levels.

You collected 267 gold pieces.

Inventory:

Hand Weapons
 a - a +0 short sword (weapon)
   (You took it off a kobold on level 1 of the Dungeon)
Missiles
 b - 54 stones (quivered)
Armour
 c - a +0 robe (worn)
 f - a +0 cloak (worn)
   (You found it on level 1 of the Dungeon)
 h - a +0 pair of boots (worn)
   (You found it on level 1 of the Dungeon)
 q - a +2 hat (worn)
   (You found it on level 2 of the Dungeon)
 H - a +2 pair of gloves (worn)
   (You found it on level 5 of the Dungeon)
Jewellery
 r - an uncursed amulet of magic regeneration {unknown}
   (You found it on level 2 of the Dungeon)
 u - an uncursed amulet of faith {unknown}
   (You found it on level 3 of the Dungeon)
Scrolls
 e - 3 scrolls of blinking {unknown}
 g - 3 scrolls of teleportation {unknown}
 i - a scroll of random uselessness {unknown}
 k - 2 scrolls of enchant armour {unknown}
 l - 6 scrolls of identify {unknown}
 p - a scroll of magic mapping {unknown}
 s - 4 scrolls of enchant weapon {unknown}
 x - a scroll of fear {unknown}
 C - a scroll of fog {unknown}
 F - a scroll of immolation {unknown}
Potions
 d - 3 potions of flight {unknown}
 j - 4 potions of curing {unknown}
 m - a potion of degeneration {unknown}
 o - 2 potions of haste {unknown}
 t - 2 potions of stabbing {unknown}
 v - 2 potions of ambrosia {unknown}
 z - 2 potions of mutation {unknown}
 A - a potion of brilliance {unknown}
 B - a potion of invisibility {unknown}
 D - 3 potions of lignification {unknown}
 E - a potion of magic {unknown}
 G - 2 potions of berserk rage {unknown}


   Skills:
 - Level 2.4 Dodging
 - Level 2.4 Stealth
 + Level 9.0 Spellcasting
 - Level 4.0 Conjurations
 - Level 4.0 Transmutations
 + Level 7.6 Earth Magic


You had 10 spell levels left.
You knew the following spells:

 Your Spells              Type           Power        Failure   Level
a - Sandblast             Erth           #####.       1%          1
b - Petrify               Tmut/Erth      #####...     6%          4
c - Lee's Rapid Deconstr  Erth           #####.....   8%          5
q - Passwall              Tmut/Erth      #####...     1%          2
x - Stone Arrow           Conj/Erth      #####.       1%          3

Your spell library contained the following spells:

 Spells                   Type           Power        Failure   Level


Dungeon Overview and Level Annotations

Branches:
Dungeon (6/15)             Temple (1/1) D:4

Altars:
Elyvilon
Fedhas
Kikubaaqudgha
Nemelex Xobeh
Qazlal
Ru
Sif Muna
Trog
Uskayaw
Vehumet
Wu Jian
Xom
Zin

Annotations:
D:4 2 transporters
D:5 3 runed translucent doors, Flugslaktarn's ghost, amateur DDFi


Message History

You continue putting on your pair of runed gloves. x5
You finish putting on your +2 pair of gloves.
Drop what? 34/52 slots (_ for help) (? for menu, Esc to quit)
You drop a +0 helmet.
You drop an uncursed staff of air.
You drop a +0 pair of gloves.
There is a stone staircase leading down here.
You climb downwards.
A shadow imp comes into view.
Found a kite shield and 9 gold pieces.
Found a stone staircase leading up.
There is a stone staircase leading up here.
A shadow imp is nearby!
The shadow imp shouts!
Aim: a shadow imp The stone arrow hits the shadow imp!
You kill the shadow imp!
Sif Muna accepts your kill.
You now have 267 gold pieces (gained 9).
There is a stone staircase leading up here.
An orc comes into view. It is wielding a +0 whip.
The orc shouts!
An orc is nearby!
Aim: an orc, wielding a +0 whip The stone arrow hits the orc!
You kill the orc!
Sif Muna accepts your kill.
An orc warrior comes into view. It is wielding a +3 dire flail.
An orc warrior is nearby!
An orc warrior is nearby!
Aim: an orc warrior, wielding a +3 dire flail and wearing a +0 plate armour The stone arrow hits the orc warrior.
Aim: an orc warrior, wielding a +3 dire flail and wearing a +0 plate armour (lightly wounded)
The stone arrow hits the orc warrior but does no damage.
An orc wizard comes into view. It is wielding a +0 dagger.
Aim: an orc warrior, wielding a +3 dire flail and wearing a +0 plate armour (lightly wounded)
The stone arrow hits the orc warrior!
The orc wizard shouts!
You hear a shout! x2
The orc warrior hits you but does no damage.
Aim: an orc warrior, wielding a +3 dire flail and wearing a +0 plate armour (heavily wounded)
The stone arrow hits the orc warrior!
The orc warrior hits you with a +3 dire flail!
An orc comes into view. It is wielding a +0 flail.
Aim: an orc warrior, wielding a +3 dire flail and wearing a +0 plate armour (severely wounded)
The stone arrow misses the orc warrior.
The orc warrior hits you with a +3 dire flail!
* * * LOW HITPOINT WARNING * * *
Aim: an orc warrior, wielding a +3 dire flail and wearing a +0 plate armour (severely wounded)
The stone arrow hits the orc warrior.
The orc warrior hits you with a +3 dire flail!
You die...

##.#...####
#.##.##
###.####
#.....#
#.###.#### #.
#....####
#.###.......#
#........)..#
#####....@o.#
#.......oo...
#.......#.#..
#.......# #
#.......#
#####.### #.#
#..


You could see an orc warrior, an orc wizard and an orc.

Vanquished Creatures
  Eustachio (D:4)
  Edmund (D:4)
  An eye of draining (D:3)
  A phantom (D:4)
  A centaur (D:5)
  Blork the orc (D:4)
  3 scorpions
  A jelly (D:5)
  A bullfrog skeleton (D:4)
  5 orc priests
  3 hounds
  4 orc wizards
  3 worker ants
  A hound skeleton (D:4)
  Robin (D:2)
  6 adders
  A shadow imp (D:6)
  A white imp (D:5)
  4 worms
  A dart slug (D:2)
  7 leopard geckos
  16 orcs
  3 bats
  4 giant cockroaches
  14 goblins
  16 hobgoblins
  10 jackals
  9 kobolds
  3 ball pythons
  6 frilled lizards
  2 quokka skeletons (D:4)
  6 rats
137 creatures vanquished.

Vanquished Creatures (others)
  6 plants (D:3)
  A withered plant (D:3)
7 creatures vanquished.

Grand Total: 144 creatures vanquished

Notes
Turn   | Place    | Note
-------+----------+-------------------------------------------
     0 | D:1      | Apogee the Deep Elf Earth Elementalist began the quest for
                  | the Orb.
     0 | D:1      | Reached XP level 1. HP: 10/10 MP: 6/6
   136 | D:1      | Reached XP level 2. HP: 15/15 MP: 0/8
   477 | D:1      | Reached skill level 4 in Spellcasting
   641 | D:1      | Reached XP level 3. HP: 19/19 MP: 8/10
   646 | D:1      | Learned a level 3 spell: Stone Arrow
  1147 | D:2      | Reached skill level 1 in Conjurations
  1316 | D:2      | Noticed Robin
  1323 | D:2      | Killed Robin
  1323 | D:2      | Reached XP level 4. HP: 23/24 MP: 3/12
  2195 | D:3      | Found a sparkling altar of Nemelex Xobeh.
  2203 | D:3      | Learned a level 4 spell: Petrify
  2217 | D:3      | Reached skill level 5 in Spellcasting
  2410 | D:3      | Reached XP level 5. HP: 8/28 MP: 10/14
  2698 | D:3      | Reached skill level 5 in Earth Magic
  3002 | D:3      | Found a shimmering altar of Xom.
  3003 | D:3      | Found a glowing silver altar of Zin.
  3003 | D:3      | Noticed an angel
  3041 | D:3      | Reached XP level 6. HP: 32/32 MP: 14/16
  3191 | D:3      | Found a bloodstained altar of Trog.
  3198 | D:3      | Reached skill level 6 in Spellcasting
  3276 | D:3      | Found an ancient bone altar of Kikubaaqudgha.
  3276 | D:3      | Found a blossoming altar of Fedhas.
  3866 | D:4      | Reached XP level 7. HP: 24/36 MP: 15/19
  3981 | D:4      | Found a staircase to the Ecumenical Temple.
  3993 | Temple   | Entered the Ecumenical Temple
  4106 | Temple   | Became a worshipper of Sif Muna the Loreminder
  4135 | D:4      | Noticed a toenail golem
  4153 | D:4      | Found an ornate altar of the Wu Jian Council.
  4155 | D:4      | Found a transporter.
  4161 | D:4      | Found a transporter.
  4285 | D:4      | Noticed Edmund
  4293 | D:4      | Killed Edmund
  4293 | D:4      | Reached skill level 7 in Spellcasting
  4517 | D:4      | Noticed Blork the orc
  4521 | D:4      | Killed Blork the orc
  4636 | D:4      | Reached skill level 8 in Spellcasting
  4639 | D:4      | Noticed Eustachio
  4763 | D:4      | Killed Eustachio
  4763 | D:4      | Reached XP level 8. HP: 41/41 MP: 12/22
  4948 | D:5      | Entered Level 5 of the Dungeon
  5098 | D:5      | Found a runed translucent gate.
  5098 | D:5      | Found a runed translucent gate.
  5099 | D:5      | Found a runed translucent gate.
  5207 | D:5      | Learned a level 5 spell: Lee's Rapid Deconstruction
  5210 | D:5      | Learned a level 2 spell: Passwall
  5461 | D:5      | Reached * piety under Sif Muna
  5461 | D:5      | Reached skill level 9 in Spellcasting
  5574 | D:5      | Found a radiant altar of Vehumet.
  5862 | D:5      | Noticed Flugslaktarn's ghost (amateur DDFi)
  6069 | D:6      | Slain by an orc warrior

Illustrated notes

Levels and vault maps discovered:
D:1:      wander_arrival_fairy_ring, layout_loops_ring, st_stairs_8
D:2:      layout_loops_ring, corner_web_ring, uniq_robin
D:3:      layout_basic, grunt_temple_overflow_growth_and_decay,
          grunt_temple_overflow_order_and_chaos_1, trog_eyes_of_draining,
          nicolae_overflow_hidden_temple
D:4:      layout_rooms, lemuel_doored_altar, minmay_temple_entry_glass,
          gammafunk_ghost_abyssal_escape, uniq_blork_the_orc, uniq_edmund,
          uniq_eustachio
D:5:      layout_basic, nicolae_overflow_crystal_walls, gup_sewer_entry_bowl,
          gammafunk_ghost_necromancy
D:6:      layout_loops_corners, minmay_fountain_box, minivault_23
Temple:   nicolae_temple_figure_zero

Skill      XL: |  1  2  3  4  5  6  7  8 |
---------------+-------------------------+-----
Spellcasting   | 4 5 6 8 9 |  9.0
Earth Magic    | 4 5 6 7 |  7.6
Conjurations   | 1 2 3 4 |  4.0
Transmutations | 2 3 4 |  4.0
Dodging        | |  2.4
Stealth        | |  2.4

Action                   |  1- 3 |  4- 6 |  7- 9 || total
-------------------------+-------+-------+-------++-------
Melee: Unarmed           |     2 |       |       ||     2
       Short sword       |     9 |    17 |     7 ||    33
Throw: Stone             |       |     1 |       ||     1
 Cast: Sandblast         |    48 |    95 |    24 ||   167
       Stone Arrow       |       |       |    48 ||    48
Armor: Robe              |     4 |     9 |     5 ||    18
Dodge: Dodged            |    22 |    25 |    22 ||    69

Table legend: (Time is in decaauts)
 A = Elapsed time spent in this place.
 B = Non-inter-level travel time spent in this place.
 C = Inter-level travel time spent in this place.
 D = Time resting spent in this place.
 E = Time spent auto-exploring this place.
 F = Levels seen in this place.
 G = Mean time per level.
                   A        B        C        D        E       F      G
               +--------+--------+--------+--------+--------+-----+--------+
         Total |   6081 |   5778 |    303 |    558 |   4416 |   7 |  868.7 |
       Dungeon |   5957 |   5670 |    287 |    558 |   4311 |   6 |  992.8 |
        Temple |    123 |    107 |     16 |      0 |    105 |   1 |  123.0 |
               +--------+--------+--------+--------+--------+-----+--------+

Top non-repeatable levels by time:
     D:3: 1404 daAuts
     D:2: 1403 daAuts
     D:5: 1071 daAuts
     D:1: 1031 daAuts
     D:4: 989 daAuts
  Temple: 123 daAuts
     D:6: 55 daAuts
